 Dungeon Crawl Stone Soup version 0.28-a0-828-g0121872642 (webtiles) character file.

Game seed: 16311362954420211078

23 croobank the Caller (level 2, 0/11 HPs)
             Began as a Felid Summoner on Nov 10, 2021.
             Succumbed to an adder's poison
             ... on level 2 of the Dungeon.
             The game lasted 00:04:34 (938 turns).

croobank the Caller (Felid Summoner)                 Turns: 938, Time: 00:04:35

Health: 0/11       AC:  1    Str:  4    XL:     2   Next: 72%
Magic:  3/6        EV: 17    Int: 16    God:
Gold:   11         SH:  0    Dex: 16    Spells: 3/5 levels left
                                        Lives:  0   Deaths: 0

rFire   . . .      SeeInvis +   (weapon unavailable)
rCold   . . .      Faith    .   (shield unavailable)
rNeg    . . .      Spirit   .   (armour unavailable)
rPois   .          Reflect  .   (helmet unavailable)
rElec   .          Harm     .   (cloak unavailable)
rCorr   .          Rampage  .   (gloves unavailable)
Will    .....                   (boots unavailable)
Stlth   ++........              (no amulet)
HPRegen 0.03/turn               (no ring)
MPRegen 0.10/turn               (no ring)

@: lethally poisoned (0 -> -4), quick
A: very small, claws 1, fangs 3, see invisible, speed 1, shaggy fur 1, stealthy
paws, no weapons or thrown items, no armour, multi-lived
a: no special abilities


You were on level 2 of the Dungeon.
You visited 1 branch of the dungeon, and saw 2 of its levels.

You collected 11 gold pieces.

Inventory:

Scrolls
 b - a scroll of teleportation {unknown}
 c - a scroll of noise {unknown}
 d - a scroll of magic mapping {unknown}
 g - a scroll of identify
Potions
 a - 2 potions of degeneration
 e - a potion of heal wounds
 f - a potion of flight {unknown}


   Skills:
 + Level 2.8 Dodging
 + Level 2.8 Stealth
 + Level 0.1 Unarmed Combat
 + Level 2.1 Spellcasting
 + Level 0.1 Conjurations
 + Level 4.6 Summonings


You had 3 spell levels left.
You knew the following spells:

 Your Spells              Type           Power      Damage    Failure   Level
a - Summon Small Mammal   Summ           64%        N/A       3%          1
b - Magic Dart            Conj           8%         1d3       19%         1

Your spell library contained the following spells:

 Spells                   Type           Power      Damage    Failure   Level
 Call Imp                 Summ           16%        N/A       4%          2
 Call Canine Familiar     Summ           16%        N/A       10%         3
 Summon Guardian Golem    Hex/Summ       9%         N/A       24%         3
 Searing Ray              Conj           4%         2d4       28%         2
 Frozen Ramparts          Ice            2%         1d2       52%         3
 Summon Ice Beast         Ice/Summ       9%         N/A       61%         4
 Summon Lightning Spire   Summ/Air       9%         N/A       61%         4
 Fulminant Prism          Conj/Hex       0%         3d6       89%         4
 Ice Form                 Ice/Tmut       1%         N/A       90%         4


Dungeon Overview and Level Annotations

Branches:
Dungeon (2/15)

Altars:


Innate Abilities, Weirdness & Mutations

You have sharp claws.
You have razor-sharp teeth.
You have supernaturally acute eyesight. (SInv)
You cover ground quickly. (Speed+)
You are covered in fur. (AC +1)
Your paws help you pounce on unaware monsters.
You are incapable of wielding weapons or throwing items.
You cannot wear armour.
You gain extra lives every three experience levels.


Message History

Aiming: Magic Dart (safe; 21% risk of failure)
Press: ? - help, Q - select action, (/) - cycle Shift-Dir - straight line, f/p - adder
Aim: an adder (moderately wounded, 100% to hit)
The magic dart hits the adder.
The adder is heavily wounded.
The adder completely misses you.
You scratch the adder.
The adder is severely wounded.
The adder bites you.
You scratch the adder.
You kill the adder!
HP restored.
You see here an adder corpse.
An adder comes into view.
Aiming: Magic Dart (safe; 19% risk of failure)
Press: ? - help, Q - select action, (/) - cycle Shift-Dir - straight line, f - adder
Aim: an adder (wandering, hasn't noticed you, 100% to hit)
The magic dart hits the adder.
The adder is moderately wounded.
The adder hisses angrily.
The adder bites you.
You miss the adder.
The adder is moderately wounded.
The adder bites you.
Aiming: Magic Dart (safe; 19% risk of failure)
Press: ? - help, Q - select action, (/) - cycle Shift-Dir - straight line, f/p - adder
Aim: an adder (moderately wounded, 100% to hit)
The magic dart hits the adder.
The adder is moderately wounded.
The adder misses you.
Aiming: Magic Dart (safe; 19% risk of failure)
Press: ? - help, Q - select action, (/) - cycle Shift-Dir - straight line, f/p - adder
Aim: an adder (moderately wounded, 100% to hit)
The magic dart hits the adder.
The adder is heavily wounded.
The adder bites you.
* * * LOW HITPOINT WARNING * * *
You are lethally poisoned!
The adder poisons you! The adder misses you.
You die...

#.. #.# #.# ...
#.# #. #.# #.#.#
#S# #.#.# #.#
#.#.###@#
##.#.#...##
##.........##
#...........###
#...............
#.....†.....####
.......#.....##
###.#####...##
#.# #..##


You could see an adder.

Vanquished Creatures
  An adder (D:2)
  3 ball pythons
  3 endoplasms
  A goblin (D:2)
  3 hobgoblins (D:1)
  A rat (D:2)
12 creatures vanquished.

Notes
Turn   | Place    | Note
-------+----------+-------------------------------------------
     0 | D:1      | croobank the Felid Summoner began the quest for the Orb.
     0 | D:1      | Reached XP level 1. HP: 7/7 MP: 4/4
   118 | D:1      | Learned a level 1 spell: Magic Dart
   166 | D:1      | Found a faded altar of an unknown god.
   571 | D:1      | Reached XP level 2. HP: 6/11 MP: 3/6
   938 | D:2      | Succumbed to an adder's poison

Illustrated notes

Levels and vault maps discovered:
D:1:      shiori_shiawase, layout_rooms, hellmonk_ecumenical_altar_inner_sanctum
D:2:      layout_loops_ring, minmay_pentomino_o2

Action                   || total
-------------------------++-------
Melee: Unarmed           ||    23
       Bite              ||     4
 Cast: Magic Dart        ||    16
  Use: Scroll            ||     2
 Stab: Sleeping          ||     2
Dodge: Dodged            ||    17

Table legend: (Time is in decaauts)
 A = Elapsed time spent in this place.
 B = Non-inter-level travel time spent in this place.
 C = Inter-level travel time spent in this place.
 D = Time resting spent in this place.
 E = Time spent auto-exploring this place.
 F = Levels seen in this place.
 G = Mean time per level.
                   A        B        C        D        E       F      G
               +--------+--------+--------+--------+--------+-----+--------+
         Total |    844 |    839 |      5 |     26 |    688 |   2 |  422.0 |
       Dungeon |    844 |    839 |      5 |     26 |    688 |   2 |  422.0 |
               +--------+--------+--------+--------+--------+-----+--------+

Top non-repeatable levels by time:
     D:1: 716 daAuts
     D:2: 127 daAuts
